AoeStats
← 知耻而后勇喜笑颜开

Arabia

508590500Analyzed
1v1 RM · 9d ago on Sep 23, 2026· 39m 12s· 2 players
Game mode
Random Map
Map size
Tiny (2 player)
Population
200
Speed
Normal
Resources
Standard
Victory
Conquest
Starting age
Dark Age
Ending age
Imperial Age
RankedLock teamsTeams togetherTeam positionsShared explorationLock speedFull tech treeHidden civsTurbo modeCheats
Victory
Defeat
1368
+17
🇺🇸 Spanish · United States
1399
-17
知耻而后勇喜笑颜开
4:41 Loom
10:59 Feudal Age
11:47 Double-Bit Axe
11:49 Town Watch
14:12 Wheelbarrow
13:31 Horse Collar
19:06 Castle Age
17:03 Fishing Lines
17:46 Scale Barding Armor
19:34 Forging
19:52 Husbandry
21:20 Bow Saw
21:16 Heavy Plow
22:22 Gold Mining
23:38 Stone Mining
24:46 Fervor
27:14 Hand Cart
27:04 Treadmill Crane
29:04 Devotion
30:00 Ballistics
33:38 Imperial Age
31:05 Fletching
31:43 Silk Armor
31:44 Padded Archer Armor
31:50 Bodkin Arrow
32:54 Gold Shaft Mining
31:50 Elite Skirmisher
32:48 Leather Archer Armor
33:54 Iron Casting
34:22 Bracer
34:53 Ring Archer Armor
35:33 Medium Warships
37:42 Chemistry
36:48 Siege Engineers
37:36 Iron Casting
38:06 Chain Barding Armor
37:57 Masonry
39:51 Blast Furnace
38:37 Heavy Cavalry Archer
39:48 Conscription
nemty
4:05 Loom
9:17 Feudal Age
10:26 Double-Bit Axe
10:12 Man-at-Arms
15:17 Fletching
16:56 Padded Archer Armor
17:45 Horse Collar
22:14 Castle Age
23:50 Leather Archer Armor
24:10 Bow Saw
24:29 Bodkin Arrow
24:52 Heavy Plow
25:36 Bloodlines
28:34 Ballistics
29:59 Wheelbarrow
30:22 Husbandry
32:50 Scale Barding Armor
34:01 Thumb Ring
37:51 Imperial Age
35:52 Hand Cart
36:26 Scale Barding Armor
37:40 Elite Skirmisher
37:45 Light Cavalry
39:08 Bracer
39:39 Ring Archer Armor
Connection lost

Rejoining the realm…

Still unreachable

The connection could not be restored.

Session expired

The server has moved on; the page needs a fresh start.